 Dungeon Crawl Stone Soup version 0.22.1-1-ga44c0e5 (webtiles) character file.

326 Loudmushroom the Skirmisher (level 6, 0/39 HPs)
             Began as a Gargoyle Fighter on Sept 28, 2018.
             Was a Follower of Okawaru.
             Slain by an orc wizard
             ... wielding a +0 dagger
              (2 damage)
             ... on level 4 of the Dungeon.
             The game lasted 00:14:32 (3791 turns).

Loudmushroom the Skirmisher (Gargoyle Fighter)      Turns: 3791, Time: 00:14:32

Health: 0/39       AC: 13    Str: 21    XL:     6   Next: 49%
Magic:  7/7        EV:  7    Int:  9    God:    Okawaru [*.....]
Gold:   182        SH:  9    Dex:  9    Spells: 5/5 levels left

rFire    . . .     SeeInvis .   a - +0 war axe
rCold    . . .     Gourm    .   c - +0 shield
rNeg     + . .     Faith    .   x - +0 scale mail
rPois    ∞         Spirit   .   m - +2 hat
rElec    +         Reflect  .   (no cloak)
rCorr    .         Harm     .   (no gloves)
MR       .....                  (no boots)
Stlth    ..........             (no amulet)
HPRegen  0.13/turn              (no ring)
MPRegen  0.10/turn              (no ring)

@: no status effects
A: negative energy resistance 1, electricity resistance, unbreathing,
petrification resistance, rot immunity, AC +4
a: Heroism, Renounce Religion


You were on level 4 of the Dungeon.
You worshipped Okawaru.
Okawaru was aware of your devotion.
You were not hungry.

You visited 1 branch of the dungeon, and saw 4 of its levels.

You collected 182 gold pieces.

Inventory:

Hand Weapons
 a - a +0 war axe (weapon)
 b - a +0 hunting sling
 y - a +0 flail
 z - a +0 spear
 D - a +0 spear
Missiles
 e - 113 stones
 i - 6 javelins (quivered)
 r - 31 bolts
 A - 14 poisoned needles
Armour
 c - a +0 shield (worn)
 m - a +2 hat (worn)
 x - a +0 scale mail (worn)
Jewellery
 j - a +2 ring of protection {unknown}
 v - an uncursed amulet of rage {unknown}
 w - a cursed +4 ring of dexterity {unknown}
Scrolls
 g - a scroll of noise {unknown}
 k - 2 scrolls of blinking {unknown}
 l - a scroll of enchant armour {unknown}
 o - a scroll of amnesia {unknown}
 p - a scroll of magic mapping {unknown}
 s - 3 scrolls of remove curse {unknown}
 t - 3 scrolls of identify {unknown}
 u - 2 scrolls of teleportation {unknown}
 C - a scroll of enchant weapon {unknown}
Potions
 d - a potion of might
 h - a potion of heal wounds {unknown}
 n - 2 potions of lignification {unknown}
 q - a potion of degeneration {unknown}
 B - a potion of resistance {unknown}
Comestibles
 f - 4 rations


   Skills:
 + Level 4.4 Fighting
 * Level 3.8 Axes
 + Level 4.4 Armour
 + Level 4.3 Shields
 + Level 2.0 Invocations


You had 5 spell levels left.
You didn't know any spells.
Your spell library contained the following spells:

 Spells                   Type           Power        Failure   Level  Hunger
 Confusing Touch          Hex            #.....       99%         1    ##.....
 Confuse                  Hex            #.......     100%        3    ####...
 Gell's Gravitas          Tloc           #.........   100%        3    ####...
 Petrify                  Tmut/Erth      #.......     100%        4    #####..
 Metabolic Englaciation   Hex/Ice        #.........   100%        5    ######.
 Yara's Violent Unravell  Hex/Tmut       #.........   100%        5    ######.


Dungeon Overview and Level Annotations

Branches:
Dungeon (4/15)
 Temple: D:4-7

Altars:
Cheibriados
Fedhas
Okawaru
Ru
Xom

Shops:
D:4 *


Innate Abilities, Weirdness & Mutations

You are resistant to torment.
Your stone body is resilient. (AC +4)
You are immune to poison.
You resist negative energy. (rN+)
You are resistant to electric shocks. (rElec)
You can survive without breathing.
You are immune to petrification.
You are immune to rotting.


Message History

You block the stone. Something hits you but does no damage.
The orc closely misses you.
You closely miss something. You closely miss the orc. Something hits you.
* * * LOW HITPOINT WARNING * * *
The orc hits you but does no damage. Something hits you but does no damage.
The orc priest hits you but does no damage.
You miss something. You barely miss the orc priest.
Your scale mail prevents you from hitting the orc.
You block something's attack. You block the orc's attack.
Something completely misses you.
The orc priest hits you but does no damage.
You barely miss something. You barely miss the orc.
You completely miss the orc priest. Something hits you but does no damage.
The orc priest mumbles some strange prayers to Beogh against you.
Pain shoots through your body!
* * * LOW HITPOINT WARNING * * *
Something hits you but does no damage. The orc barely misses you.
You miss something. You closely miss the orc. x2
You barely miss the orc priest. Something hits you.
You die...

####.##.##.####
#............<#
.##.##.##.##.# #.
#....##.##.# # #.
#.......##.# #. #.
#.########.#
#..#.##.# #.#
#..#....########.#.#
#..(..o@.....<.....#
#.....oo############
#####...## #...(#
#.##'## #.#...#
#.#.∩.# #### #.#...#
oo.# #.##'##


You could see an orc priest and 2 orcs.

Vanquished Creatures
  A water moccasin (D:3)
  Terence (D:2)
  Jessica (D:3)
  A worker ant (D:3)
  3 gnolls (D:3)
  3 adders
  2 oozes (D:1)
  A worm (D:3)
  3 dart slugs (D:1)
  4 leopard geckos
  2 orcs (D:3)
  3 giant cockroaches
  10 goblins
  3 hobgoblins
  2 ball pythons
  6 bats
  2 frilled lizards
  9 kobolds
  8 rats
65 creatures vanquished.

Vanquished Creatures (others)
  An orc wizard (D:4)
1 creature vanquished.

Grand Total: 66 creatures vanquished

Notes
Turn   | Place    | Note
-------+----------+-------------------------------------------
     0 | D:1      | Loudmushroom the Gargoyle Fighter began the quest for the
                  | Orb.
     0 | D:1      | Reached XP level 1. HP: 14/14 MP: 1/1
   143 | D:1      | Reached XP level 2. HP: 19/19 MP: 2/2
   272 | D:1      | Reached XP level 3. HP: 22/23 MP: 3/3
  1293 | D:2      | Found an iron altar of Okawaru.
  1301 | D:2      | Became a worshipper of Warmaster Okawaru
  1398 | D:2      | Reached XP level 4. HP: 23/29 MP: 4/4
  1842 | D:2      | Noticed Terence
  1858 | D:2      | Killed Terence
  2084 | D:2      | Found a sacrificial altar of Ru.
  2093 | D:2      | Found a snail-covered altar of Cheibriados.
  2094 | D:2      | Found a blossoming altar of Fedhas.
  2095 | D:2      | Found a shimmering altar of Xom.
  2262 | D:3      | Reached skill level 1 in Invocations
  2262 | D:3      | Reached XP level 5. HP: 33/33 MP: 5/5
  2885 | D:3      | Found a faded altar of an unknown god.
  3093 | D:3      | Noticed Jessica
  3102 | D:3      | Killed Jessica
  3442 | D:4      | Found Leqec's Serpentskin Sales.
  3442 | D:4      | Noticed a water moccasin
  3469 | D:3      | Killed a water moccasin
  3469 | D:3      | Reached * piety under Okawaru
  3469 | D:3      | Reached XP level 6. HP: 10/39 MP: 7/7
  3790 | D:4      | HP: 1/39 [orc priest/nerve-wracking pain (4)]
  3791 | D:4      | Slain by an orc wizard

Skill      XL: |  1  2  3  4  5 |
---------------+----------------+-----
Axes           | 2 3 |  3.8
Invocations    | 1 2 |  2.0
Fighting       | 4 |  4.4
Armour         | 4 |  4.4
Shields        | 4 |  4.3

Action                   |  1- 3 |  4- 6 || total
-------------------------+-------+-------++-------
Melee: War axe           |   127 |   144 ||   271
  Eat: Chunk             |     2 |     6 ||     8
       Ration            |       |     1 ||     1
Armor: Scale mail        |    72 |    95 ||   167
Dodge: Dodged            |    43 |    39 ||    82
Block: Shield            |    58 |    75 ||   133
